Match 41082355
Unlisted

Match 41082355
End
Construct Infanterie Kompanie
MG 42 Machine Gun Team
Selects Terror Battlegroup
Selects Terror Battlegroup
Selects Machine Gun Camouflage
Grenadier Squad
Grenadier Squad
Grenadier Squad
Construct Panzergrenadier Kompanie
Medical Bunker
Pak 40 Anti-tank Gun Team
Forward Retreat Point
Selects Interrogate
Support Elements
Nebelwerfer 42 Rocket Launcher Team
Selects Propaganda Leaflet Drop
Nebelwerfer 42 Rocket Launcher Team
Pioneer Squad
Construct Panzer Kompanie
Medical Bunker
Forward Retreat Point
Selects V1 Rocket Strike
V1 Rocket Strike
Panzer IV Medium Tank
Pioneer Squad
Panzer IV Medium Tank
Panzer Officer Quarters
Grenadier Squad
Side Skirts
Selects No Quarter
Panzer IV Medium Tank
Medical Station
V1 Rocket Strike
V1 Rocket Strike
Pioneer Squad
Pioneer Squad
Pioneer Squad
Selects King Tiger Heavy Tank
King Tiger Heavy Tank
Infanterie Officer Quarters
Kettenkrad Recon Vehicle
V1 Rocket Strike
Pak 40 Anti-tank Gun Team
Pioneer Squad
Pioneer Squad
Pak 40 Anti-tank Gun Team
Panzergrenadier Officer Quarters
Pak 40 Anti-tank Gun Team
V1 Rocket Strike
King Tiger Heavy Tank
Pak 40 Anti-tank Gun Team
V1 Rocket Strike
Pak 40 Anti-tank Gun Team
Pak 40 Anti-tank Gun Team
The101stAirBorne ITA
BamboneWertherone ITA
Capibimbambombolilalone ITA
Raiden
ZNMOP
Ashirvad Patel
0
0

Comments sign in to comment!

No comments posted yet!